 Dungeon Crawl Stone Soup version 0.18.1-48-g4cf74bf (webtiles) character file.

632 ErikD the Ruffian (level 7, -2/61 HPs)
             Began as a Minotaur Monk on Aug 29, 2016.
             Was a Priest of Trog.
             Slain by an orc warrior
             ... wielding a +0 glaive
              (5 damage)
             ... on level 4 of the Dungeon.
             The game lasted 00:12:29 (2954 turns).

ErikD the Ruffian (Minotaur Monk)                   Turns: 2954, Time: 00:12:30

Health: -2/61      AC:  4    Str: 17    XL:     7   Next: 24%
Magic:  6/6        EV: 14    Int:  8    God:    Trog [***...]
Gold:   176        SH:  0    Dex: 12    Spells: 0 memorised, 6 levels left

rFire  . . .     SeeInvis .       - Unarmed
rCold  . . .     Gourm    .     a - +1 robe
rNeg   . . .     Faith    .     (no shield)
rPois  .         Spirit   .     (helmet restricted)
rElec  .         Dismiss  .     (no cloak)
rCorr  +         Reflect  .     (no gloves)
SustAt .         Harm     +     (no boots)
MR     .....                    C - amulet of harm
Stlth  ++........               q - +1 ring of protection
                                l - ring of resist corrosion

@: exhausted, slowed, very slow, not resistant to hostile enchantments,
unstealthy
A: retaliatory headbutt, horns 2
a: Berserk, Trog's Hand, Burn Spellbooks, Renounce Religion


You were on level 4 of the Dungeon.
You worshipped Trog.
Trog was most pleased with you.
You were near starving.

You visited 1 branch of the dungeon, and saw 5 of its levels.

You collected 176 gold pieces.

Inventory:

Hand Weapons
 x - a +0 scythe
Missiles
 p - 3 silver javelins (quivered)
 F - 4 needles of frenzy
Armour
 a - a +1 robe (worn)
 y - a +0 ring mail
Jewellery
 h - an uncursed amulet of regeneration
 l - a ring of resist corrosion (left hand)
 n - an uncursed amulet of magic regeneration
 q - a +1 ring of protection (right hand)
 t - an uncursed amulet of magic regeneration
 C - an amulet of harm (around neck)
Wands
 B - a wand of lightning (3/15)
Scrolls
 c - a scroll of enchant weapon {unknown}
 d - 2 scrolls of enchant armour
 e - 3 scrolls of teleportation
 f - a scroll of remove curse
 g - 3 scrolls of identify
 r - a scroll of blinking {unknown}
 w - a scroll of recharging {unknown}
 A - a scroll of fear {unknown}
Potions
 i - 3 potions of lignification {unknown}
 k - 2 potions of degeneration {unknown}
 m - 2 potions of flight {unknown}
 o - 2 potions of curing {unknown}
 s - a potion of might {unknown}
 u - a potion of cancellation {unknown}
 v - a potion of invisibility {unknown}
Comestibles
 b - 5 bread rations
 j - 4 meat rations
 D - 22 fruits
 E - a royal jelly


   Skills:
 + Level 5.4 Fighting
 + Level 0.6 Throwing
 + Level 5.7 Dodging
 + Level 3.2 Stealth
 + Level 6.5 Unarmed Combat


You had 6 spell levels left.
You didn't know any spells.

Dungeon Overview and Level Annotations

Branches:
Dungeon (5/15)
 Temple: D:4-7

Altars:
Ashenzari
Trog


Innate Abilities, Weirdness & Mutations

You reflexively headbutt those who attack you in melee.
You have a pair of horns on your head.


Message History

a dagger; a robe; 30 gold pieces; an orc corpse The hound bites you.
All of the chunks of flesh in your inventory have rotted away.
You hit the hound. You headbutt the hound.
The hound is severely wounded.
The hound bites you. The hound closely misses you.
The orc warrior barely misses you.
You hit the hound.
You kill the hound!
Trog accepts your kill.
You are near starving!
The orc warrior hits you from afar with a glaive!!
* * * LOW HITPOINT WARNING * * *
The orc warrior closely misses you.
Items here: $ ) [ †† a dagger; a robe; 30 gold pieces; a hound corpse; an orc corpse You hit the orc warrior.
You headbutt the orc warrior!
The orc warrior is almost dead.
The orc warrior hits you with a glaive.
You die...

.###....#.#........
#......#
...............#
#......#
.#...##........#
#......# #..
###......####
#.###### #.
#.........# #.# #
#......)#.# #.#
#######)#.# #.#
#o#.# #.# #@#.# #[#
#.#.####[##
#.........#
##.#####..########
#..# #..........
##.## #..........
#..# #..........
##.###..........
#..............


You could see an orc warrior.

Vanquished Creatures
  Sigmund (D:2)
  An ogre (D:4)
  An orc priest (D:4)
  3 orc wizards (D:4)
  2 hounds (D:4)
  Ijyb (D:2)
  3 worker ants (D:4)
  4 adders
  An ooze (D:1)
  A worm (D:3)
  2 dart slugs
  2 giant geckos
  5 orcs
  2 ball pythons
  8 bats
  7 giant cockroaches
  2 hobgoblins
  5 jackals
  9 kobolds
  2 giant newts (D:2)
  7 goblins
  7 rats
76 creatures vanquished.

Notes
Turn   | Place    | Note
--------------------------------------------------------------
     0 | D:1      | ErikD the Minotaur Monk began the quest for the Orb.
     0 | D:1      | Reached XP level 1. HP: 19/19 MP: 0/0
   193 | D:1      | Reached XP level 2. HP: 26/27 MP: 1/1
   755 | D:2      | Reached skill level 5 in Unarmed Combat
   775 | D:2      | Found a bloodstained altar of Trog.
   798 | D:2      | Reached XP level 3. HP: 33/33 MP: 2/2
   811 | D:2      | Became a worshipper of Trog the Wrathful
   811 | D:2      | Reached * piety under Trog
   811 | D:2      | Reached ** piety under Trog
   816 | D:2      | Found a faded altar to an unknown god.
   869 | D:2      | Noticed Ijyb
   885 | D:2      | Killed Ijyb
   885 | D:2      | Reached XP level 4. HP: 40/40 MP: 3/3
  1176 | D:2      | Noticed Sigmund
  1196 | D:2      | Killed Sigmund
  1196 | D:2      | Reached XP level 5. HP: 34/47 MP: 4/4
  1434 | D:2      | Reached skill level 6 in Unarmed Combat
  1658 | D:3      | Reached XP level 6. HP: 53/53 MP: 5/5
  1887 | D:3      | Found a shattered altar of Ashenzari.
  1945 | D:3      | Reached *** piety under Trog
  2340 | D:4      | Reached skill level 5 in Fighting
  2402 | D:4      | Noticed an orc warrior
  2443 | D:4      | Reached skill level 5 in Dodging
  2889 | D:5      | Entered Level 5 of the Dungeon
  2935 | D:4      | Reached XP level 7. HP: 61/61 MP: 6/6
  2952 | D:4      | HP: 2/61 [orc warrior/glaive (23)]
  2954 | D:4      | Slain by an orc warrior

Skill      XL: |  1  2  3  4  5  6 |
---------------+-------------------+-----
Unarmed Combat | 5 6 |  6.5
Dodging        | 4 5 |  5.7
Fighting       | 4 5 |  5.4
Stealth        | 2 3 |  3.2
Throwing       | |  0.6

Action                   |  1- 3 |  4- 6 |  7- 9 || total
-------------------------+-------+-------+-------++-------
Melee: Unarmed           |    45 |   113 |    10 ||   168
       Headbutt          |     6 |    26 |     4 ||    36
       Punch             |       |     1 |       ||     1
Throw: Javelin           |     4 |       |       ||     4
Invok: Berserk           |     1 |     2 |       ||     3
       Trog's Hand       |       |     1 |       ||     1
  Use: Scroll            |       |     4 |       ||     4
 Stab: Sleeping          |     5 |     4 |       ||     9
  Eat: Chunk             |       |     8 |       ||     8
Armor: Robe              |    11 |    16 |     3 ||    30
Dodge: Dodged            |    21 |    69 |    14 ||   104
